 Dungeon Crawl Stone Soup version 0.23-a0-703-gdf2d5e0 (console) character file.

1622 lightguide the Archer (level 8, -29/58 HPs)
             Began as a Mummy Wanderer on Jan 14, 2019.
             Was a Follower of Nemelex Xobeh.
             Killed by a card of wild magic (30 damage)
             ... on level 7 of the Dungeon.
             The game lasted 00:12:22 (8044 turns).

lightguide the Archer (Mummy Wanderer)              Turns: 8044, Time: 00:12:23

Health: -29/58     AC:  9    Str: 18    XL:     8   Next: 65%
Magic:  11/11      EV:  9    Int: 10    God:    Nemelex Xobeh [*.....]
Gold:   317        SH:  0    Dex: 12    Spells: 7/7 levels left

rFire    x . .     SeeInvis .   a - +0 trident
rCold    + . .     Gourm    .   (no shield)
rNeg     + + +     Faith    .   j - +2 scale mail
rPois    ∞         Spirit   .   (no helmet)
rElec    +         Reflect  .   l - +0 cloak
rCorr    .         Harm     .   (no gloves)
MR       +....                  (no boots)
Stlth    +.........             (no amulet)
HPRegen  0.19/turn              n - ring of Kyeskej {rElec rPois rN+ Stlth+}
MPRegen  0.12/turn              (no ring)

@: no status effects
A: no food or potions, fire vulnerability, cold resistance 1, negative energy
resistance 3, torment resistance, unbreathing
a: Draw Escape, Draw Destruction, Draw Summoning, Renounce Religion


You were on level 7 of the Dungeon.
You worshipped Nemelex Xobeh.
Nemelex Xobeh was aware of your devotion.
You were not hungry.

You visited 1 branch of the dungeon, and saw 7 of its levels.

You collected 317 gold pieces.

Inventory:

Hand Weapons
 a - a +0 trident (weapon)
 b - a +1 shortbow
Missiles
 c - 61 arrows
Armour
 j - a +2 scale mail (worn)
 l - a +0 cloak (worn)
Jewellery
 k - an uncursed ring of ice
 n - the ring of Kyeskej (left hand) {rElec rPois rN+ Stlth+}
   (You found it on level 6 of the Dungeon)

   [ring of poison resistance]

   It insulates you from electricity.
   It protects you from poison.
   It protects you from negative energy.
   It makes you more stealthy.
Wands
 d - a wand of random effects (15)
 e - a wand of digging (6)
 m - a wand of polymorph (14)
 o - a wand of flame (11)
Scrolls
 f - a scroll of fear
 g - 3 scrolls of identify
 h - a scroll of enchant weapon
 i - 3 scrolls of remove curse
 p - a scroll of teleportation
 q - a scroll of magic mapping


   Skills:
 - Level 3.0 Fighting
   Level 1.0 Maces & Flails
 + Level 8.0 Bows
 - Level 2.4 Armour
 + Level 4.9 Invocations
 - Level 1.5 Evocations


You had 7 spell levels left.
You didn't know any spells.
Your spell library was empty.

Dungeon Overview and Level Annotations

Branches:
Dungeon (7/15)
 Temple: D:4-7

Altars:
Cheibriados
Nemelex Xobeh
Qazlal
Yredelemnul

Shops:
D:5 =

Annotations:
D:4 3 runed doors, Meejax's ghost, amateur DsMo


Innate Abilities, Weirdness & Mutations

You do not eat or drink.
Your flesh is vulnerable to fire.
You are immune to poison.
Your flesh is cold resistant. (rC+)
You are immune to negative energy. (rN+++)
You are immune to unholy pain and torment.
You can survive without breathing.


Message History

The water moccasin bites you.
* * * LOW HITPOINT WARNING * * *
The water moccasin bites you.
* * * LOW HITPOINT WARNING * * *
You draw a card...
You have drawn the Orb.
Press: ? - help, Shift-Dir - straight line, f/p - water moccasin
Aim: a water moccasin (severely wounded)
The orb of energy misses the water moccasin.
The water moccasin bites you but does no damage.
Unknown command.
You draw a card...
You have drawn Wild Magic.
The water moccasin is caught in an explosion of flying shrapnel!
The explosion engulfs the water moccasin.
The water moccasin dies!
Your Bows skill increases to level 8!
The explosion engulfs you!
Ouch! That really hurt!
You die...
Your body disappears without a glow.

.. .. .# ## .#
.. .# .
#.#####.# ...
...#..#
.....#.#@.##.?.
#.........#
#.....#####
#...##..# #....
#.# #.... #.#
#..... #.#
#...... ...
....... ..


There were no monsters in sight!

Vanquished Creatures
  2 sky beasts (D:6)
  A necrophage (D:6)
  An ogre (D:6)
  3 bullfrogs (D:6)
  3 crimson imps
  A centaur zombie (D:6)
  3 hounds
  A jelly (D:6)
  4 orc priests
  6 orc wizards
  A bullfrog skeleton (D:6)
  4 worker ants
  10 gnolls
  3 adders
  2 shadow imps
  An ooze (D:6)
  An adder skeleton (D:4)
  4 worms
  4 dart slugs
  4 leopard geckos
  10 orcs
  5 giant cockroaches
  6 goblins
  5 hobgoblins
  4 jackals (D:2)
  3 kobolds
  3 quokkas
  2 ball pythons (D:1)
  9 bats
  4 frilled lizards
  A giant cockroach zombie (D:3)
  A leopard gecko skeleton (D:6)
  8 rats
120 creatures vanquished.

Vanquished Creatures (collateral kills)
  A centaur (D:6)
  A centaur skeleton (D:6)
  An adder (D:6)
  A leopard gecko (D:6)
4 creatures vanquished.

Vanquished Creatures (others)
  A water moccasin (D:7)
1 creature vanquished.

Grand Total: 125 creatures vanquished

Notes
Turn   | Place    | Note
-------+----------+-------------------------------------------
     0 | D:1      | lightguide the Mummy Wanderer began the quest for the Orb.
     0 | D:1      | lightguide set off with the following items: a +2 scale
                  | mail, a +0 shortbow, 29 arrows, a wand of random effects
                  | (15)
     0 | D:1      | Reached XP level 1. HP: 18/18 MP: 2/2
   411 | D:1      | Reached XP level 2. HP: 24/24 MP: 3/3
   435 | D:1      | Reached skill level 2 in Bows
  1188 | D:2      | Found a stormy altar of Qazlal.
  1195 | D:2      | Reached XP level 3. HP: 29/29 MP: 4/4
  1672 | D:2      | Reached skill level 3 in Bows
  2009 | D:2      | Reached XP level 4. HP: 35/35 MP: 5/5
  3384 | D:4      | Reached skill level 4 in Bows
  3574 | D:4      | Reached XP level 5. HP: 39/41 MP: 6/6
  3795 | D:4      | Reached skill level 5 in Bows
  3795 | D:4      | Reached XP level 6. HP: 40/47 MP: 7/7
  4165 | D:4      | Found a basalt altar of Yredelemnul.
  4165 | D:4      | Found a snail-covered altar of Cheibriados.
  5114 | D:4      | Found a runed gate.
  5115 | D:4      | Found a runed gate.
  5116 | D:4      | Found a runed gate.
  5118 | D:4      | Noticed Meejax's ghost (amateur DsMo)
  5170 | D:5      | Entered Level 5 of the Dungeon
  5196 | D:5      | Found a sparkling altar of Nemelex Xobeh.
  5205 | D:5      | Became a worshipper of Nemelex Xobeh the Trickster
  5263 | D:4      | Reached skill level 6 in Bows
  5507 | D:5      | Reached XP level 7. HP: 44/52 MP: 8/8
  5659 | D:5      | Found Nigux's Jewellery Shop.
  5807 | D:5      | Received a gift from Nemelex Xobeh
  6392 | D:5      | Reached skill level 1 in Invocations
  6769 | D:6      | Reached skill level 7 in Bows
  7067 | D:6      | Reached XP level 8. HP: 51/58 MP: 10/10
  7079 | D:6      | Received a gift from Nemelex Xobeh
  7245 | D:6      | Got a slimy lapis lazuli ring
  7246 | D:6      | Identified the ring of Kyeskej {rElec rPois rN+ Stlth+}
                  | (You found it on level 6 of the Dungeon)
  7672 | D:6      | Reached * piety under Nemelex Xobeh
  8011 | D:7      | Received a gift from Nemelex Xobeh
  8042 | D:7      | HP: 1/58 [water moccasin (5)]
  8044 | D:7      | Reached skill level 8 in Bows
  8044 | D:7      | Killed by a card of wild magic

Vault maps used:
D:1:      minmay_arrival_split_and_join
D:2:      nicolae_qazlal_general_emergency
D:3:      serial_bayou_crossing
D:4:      gammafunk_temple_overflow_pools, gammafunk_ghost_necromancy,
          st_stairs_13
D:5:      old_standard_altar, first_ration, serial_shops,
          nicolae_shop_waterfront
D:7:      old_standard_altar, minmay_temple_entry_sparse_star, serial_shops,
          shop, minmay_misc_feat_secret_circle

Skill      XL: |  1  2  3  4  5  6  7  8 |
---------------+-------------------------+-----
Bows           | 2 3 4 5 6 7 8 |  8.0
Invocations    | 3 4 |  4.9
Fighting       | |  3.0
Maces & Flails | |  1.0
Armour         | |  2.4
Evocations     | |  1.5

Action                   |  1- 3 |  4- 6 |  7- 9 || total
-------------------------+-------+-------+-------++-------
Melee: Unarmed           |   162 |       |       ||   162
       Spear             |       |   199 |   359 ||   558
       Shortbow          |       |     1 |       ||     1
       Trident           |       |       |   123 ||   123
 Fire: Shortbow          |    93 |   135 |    73 ||   301
 Abil: Draw Destruction  |       |       |     4 ||     4
       Draw Summoning    |       |       |     1 ||     1
  Use: Scroll            |       |     8 |     1 ||     9
Armor: Scale mail        |   179 |   123 |   245 ||   547
Dodge: Dodged            |   131 |   136 |   234 ||   501

Table legend:
 A = Non-vault XP
 B = Vault XP
 C = Vault XP percentage of total XP
 D = Non-vault monster count
 E = Vault monster count
 F = Vault count percentage of total count
                 A         B        C        D         E       F
            +---------+---------+-------+---------+---------+-------
      Total |    2317 |       1 |   0.0 |     124 |       1 |   0.8
            +---------+---------+-------+---------+---------+-------
        D:1 |      36 |       0 |   0.0 |      19 |       0 |   0.0
        D:2 |     108 |       0 |   0.0 |      30 |       0 |   0.0
        D:3 |      22 |       0 |   0.0 |      12 |       0 |   0.0
        D:4 |     549 |       1 |   0.2 |      26 |       1 |   3.7
        D:5 |     221 |       0 |   0.0 |      11 |       0 |   0.0
        D:6 |    1228 |       0 |   0.0 |      25 |       0 |   0.0
        D:7 |     153 |       0 |   0.0 |       1 |       0 |   0.0
            +---------+---------+-------+---------+---------+-------
